 Dungeon Crawl Stone Soup version 0.31.0-9-g3a7656b989 (webtiles) character file.

Game seed: 14880754682914433572

57 qw the Shooter (level 3, -1/20 HPs)
             Began as a Deep Elf Hunter on Feb 2, 2024.
             Slain by a gnoll
             ... wielding a +0 flail
              (8 damage)
             ... on level 3 of the Dungeon.
             The game lasted 00:00:06 (1274 turns).

qw the Shooter (Deep Elf Hunter)                    Turns: 1274, Time: 00:00:06

Health: -1/20      AC:  6    Str: 10    XL:     3   Next: 73%
Magic:  5/5        EV:  9    Int: 13    God:
Gold:   84         SH:  0    Dex: 18    Spells: 2/2 levels left

rFire   . . .        a - +0 shortbow
rCold   . . .        (shield currently unavailable)
rNeg    . . .        h - +0 scale mail
rPois   .            (no helmet)
rElec   .            (no cloak)
rCorr   .            (no gloves)
SInv    .            (no boots)
Will    .....        (no amulet)
Stlth   +            (no ring)
HPRegen 0.23/turn    (no ring)
MPRegen 0.09/turn

%: no passive effects
@: no status effects
A: no striking features
a: no special abilities


You were on level 3 of the Dungeon.
You visited 1 branch of the dungeon, and saw 3 of its levels.

You collected 84 gold pieces.


   Skills:
 - Level 1.5 Fighting
 + Level 7.2 Ranged Weapons
 - Level 2.4 Dodging
 - Level 1.2 Stealth


You had 2 spell levels left.
You didn't know any spells.
Your spell library was empty.

Inventory:

Hand Weapons
 a - a +0 shortbow (weapon)
Armour
 h - a +0 scale mail (worn)
Scrolls
 d - 3 scrolls of teleportation
Potions
 b - 2 potions of brilliance {unknown}
 f - a potion of enlightenment
 g - 2 potions of heal wounds

Dungeon Overview and Level Annotations

Branches:
Dungeon (3/15)

Altars:

Shops:
D:1 *   D:2 [


Message History

The gnoll shouts!
A gnoll comes into view. It is wielding a +0 halberd.
Enter note:
Enter note:
1264 ||| RETREEEEATING.
The gnoll shouts!
Enter note:
1265 ||| RETREEEEATING.
You shoot an arrow. The arrow hits the gnoll.
The gnoll is moderately wounded.
A gnoll comes into view. It is wielding a +0 whip.
An endoplasm comes into view.
The gnoll moves out of view.
Enter note:
1267 ||| RETREEEEATING.
The endoplasm quivers.
Enter note:
1268 ||| RETREEEEATING.
Enter note:
1269 ||| RETREEEEATING.
You shoot an arrow.
The arrow completely misses the endoplasm.
The arrow barely misses the gnoll.
The endoplasm freezes you.
You are frozen.
Enter note:
1271 ||| RETREEEEATING.
The endoplasm attacks as it pursues you!
The endoplasm closely misses you.
You shoot an arrow. The arrow hits the endoplasm.
You kill the endoplasm!
You shoot an arrow. The arrow barely misses the gnoll. x2
The gnoll shouts!
The gnoll hits you with a +0 flail!
Ouch! That really hurt!
The gnoll closely misses you.
You shoot an arrow. The arrow hits the gnoll!
The gnoll is almost dead.
The gnoll hits you with a +0 flail!
You die...

#....g.g.. #......#
#..}g# #g..##
###..## #..g## #.#g#
#.#g# ..#@# ..#
..##.## #... ...
#..## #..# #.#.
#...## #...#. ###.
#..}.## #.}....
#.##.....#####.....#
#.##...............#
#.#####)####..######
#.###...# ##.#


You could see 4 gnolls.

Vanquished Creatures
  2 dart slugs (D:1)
  An orc (D:3)
  3 ball pythons
  5 bats
  5 endoplasms
  4 giant cockroaches (D:1)
  7 goblins
  2 hobgoblins
  5 jackals
  A quokka (D:3)
  4 frilled lizards
  3 kobolds
  5 rats
47 creatures vanquished.

Notes
Turn   | Place    | Note
-------+----------+-------------------------------------------
     0 | D:1      | qw the Deep Elf Hunter began the quest for the Orb.
     0 | D:1      | Reached XP level 1. HP: 12/12 MP: 3/3
     0 | D:1      | 0 ||| qw: Version: 0.3-a-155-g5e7d8dd
     0 | D:1      | 0 ||| qw: Game counter: 1885
     0 | D:1      | 0 ||| qw: Melee chars always use a shield: true
     0 | D:1      | 0 ||| qw: God list: Okawaru
     0 | D:1      | 0 ||| qw: Allow faded altars: false
     0 | D:1      | 0 ||| qw: Do Orc after clearing Dungeon:15 true
     0 | D:1      | 0 ||| qw: Do second Lair branch before Depths: true
     0 | D:1      | 0 ||| qw: Lair rune preference: random
     0 | D:1      | 0 ||| qw: Goals: Normal
     0 | D:1      | 0 ||| PLANNING D:1-11
    88 | D:1      | Reached skill level 6 in Ranged Weapons
    88 | D:1      | Reached XP level 2. HP: 16/16 MP: 4/4
   129 | D:1      | Found Ilur's General Store.
   136 | D:1      | 136 ||| SHOPLISTING +3 salamander hide armour {Flames,
                  | rFlCloud rF++ rC--} (448 gold, have 9).
   136 | D:1      | 136 ||| SHOPLISTING potion of haste (130 gold, have 9).
   136 | D:1      | 136 ||| SHOPLISTING scroll of enchant armour (97 gold, have
                  | 9).
   136 | D:1      | 136 ||| SHOPLISTING wand of iceblast (5) (156 gold, have
                  | 9).
   136 | D:1      | 136 ||| SHOPLISTING wand of mindburst (12) (218 gold, have
                  | 9).
   226 | D:1      | Reached XP level 3. HP: 11/20 MP: 5/5
   482 | D:1      | 482 ||| READING 2 scrolls labelled COAHUIV YNUOVOEV.
   482 | D:1      | 482 ||| IDENTIFYING clear potion
   483 | D:1      | 483 ||| READING scroll of identify.
   483 | D:1      | 483 ||| IDENTIFYING blue potion
   484 | D:1      | 484 ||| READING scroll labelled COINAKH BOFYDGH.
   484 | D:1      | 484 ||| ENCHANTING +0 shortbow.
   485 | D:1      | 485 ||| DROPPING scroll of butterflies.
   486 | D:1      | 486 ||| DROPPING potion of invisibility.
   514 | D:2      | Found Ojitudd's Armour Boutique.
   522 | D:2      | 522 ||| SHOPLISTING +0 helmet (45 gold, have 32).
   522 | D:2      | 522 ||| SHOPLISTING +0 helmet of see invisible (115 gold,
                  | have 32).
   522 | D:2      | 522 ||| SHOPLISTING +0 ring mail (40 gold, have 32).
   522 | D:2      | 522 ||| SHOPLISTING +1 scale mail of cold resistance (160
                  | gold, have 32).
   791 | D:2      | Reached skill level 7 in Ranged Weapons
  1094 | D:2      | 1094 ||| UPGRADING to +0 scale mail.
  1104 | D:2      | 1104 ||| DROPPING +0 leather armour.
  1105 | D:2      | 1105 ||| READING 3 scrolls of identify.
  1105 | D:2      | 1105 ||| IDENTIFYING silvery potion
  1106 | D:2      | 1106 ||| READING 2 scrolls of identify.
  1106 | D:2      | 1106 ||| IDENTIFYING grey potion
  1107 | D:2      | 1107 ||| READING scroll of identify.
  1107 | D:2      | 1107 ||| IDENTIFYING fizzy orange potion
  1108 | D:2      | 1108 ||| READING 3 scrolls labelled HUIRCH OLIASYU.
  1112 | D:2      | 1112 ||| READING 2 scrolls labelled QASAUK KUWUS.
  1113 | D:2      | 1113 ||| DROPPING potion of ambrosia.
  1114 | D:2      | 1114 ||| DROPPING scroll of summoning.
  1115 | D:2      | 1115 ||| DROPPING potion of lignification.
  1264 | D:3      | 1264 ||| RETREEEEATING.
  1265 | D:3      | 1265 ||| RETREEEEATING.
  1267 | D:3      | 1267 ||| RETREEEEATING.
  1268 | D:3      | 1268 ||| RETREEEEATING.
  1269 | D:3      | 1269 ||| RETREEEEATING.
  1271 | D:3      | 1271 ||| RETREEEEATING.
  1274 | D:3      | Slain by a gnoll

Levels and vault maps discovered:
D:1:      psy_arrival_conway, layout_basic, serial_shops,
          nicolae_shop_statue_plus, minmay_worlds_worst_comb
D:2:      layout_loops_ring, serial_shops, shop
D:3:      layout_loops_ring, nicolae_overflow_ecumenical_swirl

Skill      XL: |  1  2  3 |
---------------+----------+-----
Ranged Weapons | 6 7 |  7.2
Fighting       | |  1.5
Dodging        | |  2.4
Stealth        | |  1.2

Action                     || total
---------------------------++-------
   Fire: Shortbow          ||   122
    Use: Scroll            ||     8
 Armour: Leather armour    ||    34
         Scale mail        ||     3
  Dodge: Dodged            ||    44

Table legend:
 A = Non-vault XP
 B = Vault XP
 C = Vault XP percentage of total XP
 D = Non-vault monster count
 E = Vault monster count
 F = Vault count percentage of total count
                 A         B        C        D         E       F
            +---------+---------+-------+---------+---------+-------
      Total |      74 |       8 |   9.8 |      43 |       4 |   8.5
            +---------+---------+-------+---------+---------+-------
        D:1 |      38 |       8 |  17.4 |      20 |       4 |  16.7
        D:2 |      23 |       0 |   0.0 |      16 |       0 |   0.0
        D:3 |      13 |       0 |   0.0 |       7 |       0 |   0.0
            +---------+---------+-------+---------+---------+-------
